Stars vs Golden Knights

Created - 28 novembre 2017 at 15:55

Goals
1 2 3 T
Stars 2 1 1 4
Golden Knights 1 0 0 1
Shots
1 2 3 T
Stars 11 12 14 37
Golden Knights 16 7 7 30

1st period

1. Stars , Jeff Carter 10 (James Neal 4) at 2:14
2. Stars , Alexander Wennberg 5 (Kevin Shattenkirk 11, Dan Hamhuis 11) at 6:59 (SH)
3. Golden Knights , Ryan Russell 4 (David Perron 6, Zdeno Chara 13) at 13:40

Penalties :
Jim Slater (DAL) for High sticking (Minor) at 3:52, Joni Pitkanen (DAL) for Cross-checking (Minor) at 5:57

2nd period

4. Stars , Loui Eriksson 12 (Milan Michalek 5) at 5:22

Penalties :
No Penalty

3rd period

5. Stars , Jeff Carter 11 (James Neal 5) at 0:42

Penalties :
Zdeno Chara (GOL) for Holding (Minor) at 3:56

Goalie Stats

Frederik Andersen (DAL), 29 saves from 30 shots - (0,967), W, 8-9-2, 60:00 minutes
Brian Eklund (GOL), 33 saves from 37 shots - (0,892), L, 6-8-7, 60:00 minutes

Players Stats for Stars

Player Name              G  A  P  +/- PIM S  H  SB GA TA FO     MP     PP MP  PK MP  
------------------------------------------------------------------------------------
Alexander Wennberg       1  0  1   1  0   1  2  1  0  0  6/18   15:03   0:00   2:11 
Dan Hamhuis              0  1  1   2  0   1  3  2  0  0  0/0    20:15   0:50   2:04 
David Desharnais         0  0  0   0  0   1  0  1  0  0  0/0    14:39   0:00   1:47 
Elias Lindholm           0  0  0   0  0   1  1  0  0  0  1/2    18:12   0:00   0:49 
James Neal               0  2  2   1  0   5  6  0  0  0  1/1    20:44   0:50   0:00 
Jason Garrison           0  0  0   0  0   3  2  2  0  0  0/0    20:29   0:00   2:25 
Jeff Carter              2  0  2   1  0   7  0  0  0  0  16/27  20:44   0:50   0:00 
Jeff Petry               0  0  0   0  0   1  1  0  0  0  0/0    17:11   0:00   1:56 
Jim Slater               0  0  0   0  2   0  0  0  0  0  7/9     5:28   0:00   0:58 
John Klingberg           0  0  0   1  0   0  0  0  0  0  0/0    18:18   0:50   0:07 
Joni Pitkanen            0  0  0   1  2   4  6  2  0  0  0/0    23:40   1:09   1:05 
Kevin Shattenkirk        0  1  1   2  0   1  0  2  0  0  0/0    20:06   1:09   0:19 
Loui Eriksson            1  0  1   1  0   5  0  0  0  0  0/0    17:55   1:09   0:00 
Michael Ryan             0  0  0   0  0   0  0  0  0  0  0/0     4:31   0:00   0:00 
Milan Michalek           0  1  1   2  0   1  1  0  0  0  0/1    20:06   1:09   2:11 
Ryan Spooner             0  0  0   0  0   0  0  0  0  0  0/0     0:00   0:00   0:00 
Sean Monahan             0  0  0   1  0   3  0  1  0  0  15/26  17:55   1:09   0:00 
Tyler Donati             0  0  0   1  0   3  1  0  0  0  0/1    20:44   0:50   0:00 

Players Stats for Golden Knights

Player Name              G  A  P  +/- PIM S  H  SB GA TA FO     MP     PP MP  PK MP  
------------------------------------------------------------------------------------
Barret Jackman           0  0  0  -1  0   0  3  2  0  0  0/0    19:27   0:00   1:17 
David Perron             0  1  1   0  0   1  0  1  0  0  0/0    15:48   0:00   1:32 
Dennis Everberg          0  0  0   0  0   0  1  0  0  0  2/4     4:37   0:00   0:00 
Jay Harrison             0  0  0  -2  0   0  1  2  0  0  0/0    16:21   2:03   0:42 
Joffrey Lupul            0  0  0  -2  0   2  5  0  0  0  1/1    19:38   1:49   0:00 
John McCarthy            0  0  0   0  0   0  0  0  0  0  0/0     4:37   0:00   0:00 
Josef Boumedienne        0  0  0  -1  0   0  0  1  0  0  0/0    14:18   0:00   0:42 
Kyle Beach               0  0  0  -1  0   4  0  0  0  0  1/3    19:30   2:09   0:00 
Linus Omark              0  0  0   0  0   1  0  1  0  0  0/0    14:16   0:00   0:00 
Matt Carle               0  0  0  -1  0   2  0  0  0  0  0/0    20:05   1:55   0:00 
Matt Ellison             0  0  0  -1  0   7  0  0  0  0  13/27  19:30   2:09   0:00 
Niklas Hagman            0  0  0  -2  0   3  0  0  0  0  0/2    20:05   1:49   0:27 
Patrick Cehlin           0  0  0   0  0   0  0  0  0  0  0/0     4:37   0:00   0:00 
Ryan Russell             1  0  1   0  0   3  0  1  0  0  8/21   15:45   0:00   1:29 
Sean Sullivan            0  0  0  -1  0   0  1  1  0  0  0/0    25:37   2:03   1:17 
Viktor Tikhonov          0  0  0  -1  0   1  7  1  0  0  1/2    19:57   2:09   0:27 
Ville Leino              0  0  0  -2  0   2  0  0  0  0  13/25  19:41   1:49   0:03 
Zdeno Chara              0  1  1   0  2   4  6  4  0  0  0/0    24:11   1:55   0:00 

3 Stars

1 - Jeff Carter (DAL)
2 - James Neal (DAL)
3 - Frederik Andersen (DAL)

Power Play

Stars - 0 on 1 Attempt(s) - 0,00%
Golden Knights - 0 on 2 Attempt(s) - 0,00%

Penalty Kill

Stars - 2 on 2 Attempt(s) - 100,00% - Score 1 goal in Penalty Kill
Golden Knights - 1 on 1 Attempt(s) - 100,00% - Score 0 goal in Penalty Kill

Team Stat

Stars - Hits : 23 - Faceoff Wins : 46 - Blocked Shots : 11 - Penalty Minutes : 4
Golden Knights - Hits : 24 - Faceoff Wins : 39 - Blocked Shots : 14 - Penalty Minutes : 2

Official

Referees : Jean Hebert and Furman South
Linesman : Bob Marcis and Jesse Wilmot

Game Notes

No Game Note

Finance

Level 1 -- Attendance: 6000 (100,00%) -- Ticket Income 558 000 $
Level 2 -- Attendance: 5000 (100,00%) -- Ticket Income 340 000 $
Level 3 -- Attendance: 2000 (100,00%) -- Ticket Income 82 000 $
Level 4 -- Attendance: 4000 (100,00%) -- Ticket Income 96 000 $
Luxury Box -- Attendance: 1000 (100,00%) -- Ticket Income 350 000 $
Total Attendance: 18000 (100,00%)
Total Ticket Income: 1 426 000 $
Other Income: 698 740 $
Total Income: 2 124 740 $

Stars

5 vs 5 Forward 
   Center                   Left Wing                Right Wing               Time % Phy DF OF 
 1 Jeff Carter              Tyler Donati             James Neal               35     0   1  4  
 2 Sean Monahan             Milan Michalek           Loui Eriksson            30     0   2  3  
 3 Alexander Wennberg       David Desharnais         Elias Lindholm           25     0   3  2  
 4 Jim Slater               Elias Lindholm           Michael Ryan             10     0   3  2  

5 vs 5 Defense 
   Defense                  Defense                                           Time % Phy DF OF 
 1 Joni Pitkanen            Kevin Shattenkirk                                 35     0   2  3  
 2 Dan Hamhuis              John Klingberg                                    30     0   2  3  
 3 Jason Garrison           Jeff Petry                                        25     0   3  2  
 4 Joni Pitkanen            Jason Garrison                                    10     0   4  1  

PowerPlay Forward 
   Center                   Left Wing                Right Wing               Time % Phy DF OF 
 1 Jeff Carter              Tyler Donati             James Neal               55     0   0  5  
 2 Sean Monahan             Milan Michalek           Loui Eriksson            45     0   0  5  

PowerPlay Defense
   Defense                  Defense                                           Time % Phy DF OF 
 1 Joni Pitkanen            Kevin Shattenkirk                                 55     0   1  4  
 2 Dan Hamhuis              John Klingberg                                    45     0   1  4  

Penalty Kill 4 Players Forward 
   Center                   Wing                     Time % Phy DF OF 
 1 Alexander Wennberg       Milan Michalek           55     0   4  1  
 2 Jim Slater               David Desharnais         45     0   4  1  

Penalty Kill 4 Players Defense
   Defense                  Defense                  Time % Phy DF OF 
 1 Joni Pitkanen            Jason Garrison           55     0   5  0  
 2 Dan Hamhuis              Jeff Petry               45     0   5  0  

Penalty Kill - 3 Players Forward 
   Forward                                           Time % Phy DF OF 
 1 Jeff Carter                                       55     0   5  0  
 2 Jim Slater                                        45     0   5  0  

Penalty Kill - 3 Players Defense
   Defense                  Defense                  Time % Phy DF OF 
 1 Joni Pitkanen            Jason Garrison           55     0   5  0  
 2 Dan Hamhuis              Jeff Petry               45     0   5  0  

4 vs 4 Forward 
   Center                   Wing                     Time % Phy DF OF 
 1 Jeff Carter              Loui Eriksson            60     1   2  2  
 2 Sean Monahan             James Neal               40     1   2  2  

4 vs 4 Defense
   Defense                  Defense                  Time % Phy DF OF 
 1 Joni Pitkanen            Kevin Shattenkirk        60     1   2  2  
 2 Dan Hamhuis              John Klingberg           40     1   2  2  

Last Minutes Offensive
   Center                   Left Wing                Right Wing               Defense                  Defense                  
   Jeff Carter              Loui Eriksson            James Neal               Joni Pitkanen            Kevin Shattenkirk        

Last Minutes Defensive
   Center                   Left Wing                Right Wing               Defense                  Defense                  
   Jeff Carter              Loui Eriksson            James Neal               Joni Pitkanen            Jason Garrison           

Goaltenders
Starting : Frederik Andersen        
Backup : Al Montoya               

Extra Forwards
Normal : Alexander Wennberg, David Desharnais, Elias Lindholm - PP : Alexander Wennberg, Elias Lindholm - PK : Elias Lindholm
Extra Defensemen
Normal : John Klingberg, Jeff Petry, Dan Hamhuis - PP : John Klingberg - PK : Jeff Petry, Dan Hamhuis
Penalty Shots
Loui Eriksson, Jeff Carter, James Neal, Sean Monahan, Milan Michalek
Custom OT Lines Forwards
Loui Eriksson, Jeff Carter, James Neal, Sean Monahan, Milan Michalek, Tyler Donati, Alexander Wennberg, David Desharnais, Elias Lindholm, 
Custom OT Lines Defensemen
Joni Pitkanen, Jason Garrison, Dan Hamhuis, Kevin Shattenkirk, John Klingberg

Scratches
Brian Flynn (Bruised Right Leg Injury)

Golden Knights

5 vs 5 Forward 
   Center                   Left Wing                Right Wing               Time % Phy DF OF 
 1 Ville Leino              Niklas Hagman            Joffrey Lupul            35     0   3  2  
 2 Matt Ellison             Viktor Tikhonov          Kyle Beach               35     0   3  2  
 3 Ryan Russell             David Perron             Linus Omark              30     0   3  2  
 4 Dennis Everberg          John McCarthy            Patrick Cehlin           0      0   3  2  

5 vs 5 Defense 
   Defense                  Defense                                           Time % Phy DF OF 
 1 Zdeno Chara              Sean Sullivan                                     32     1   3  1  
 2 Matt Carle               Barret Jackman                                    32     1   3  1  
 3 Josef Boumedienne        Jay Harrison                                      20     1   4  0  
 4 Zdeno Chara              Sean Sullivan                                     16     1   4  0  

PowerPlay Forward 
   Center                   Left Wing                Right Wing               Time % Phy DF OF 
 1 Ville Leino              Niklas Hagman            Joffrey Lupul            60     0   0  5  
 2 Matt Ellison             Viktor Tikhonov          Kyle Beach               40     0   0  5  

PowerPlay Defense
   Defense                  Defense                                           Time % Phy DF OF 
 1 Zdeno Chara              Matt Carle                                        60     0   1  4  
 2 Jay Harrison             Sean Sullivan                                     40     0   1  4  

Penalty Kill 4 Players Forward 
   Center                   Wing                     Time % Phy DF OF 
 1 Ryan Russell             David Perron             60     0   5  0  
 2 Viktor Tikhonov          Niklas Hagman            40     0   5  0  

Penalty Kill 4 Players Defense
   Defense                  Defense                  Time % Phy DF OF 
 1 Sean Sullivan            Barret Jackman           60     1   4  0  
 2 Zdeno Chara              Josef Boumedienne        40     1   4  0  

Penalty Kill - 3 Players Forward 
   Forward                                           Time % Phy DF OF 
 1 Ryan Russell                                      60     0   5  0  
 2 Viktor Tikhonov                                   40     0   5  0  

Penalty Kill - 3 Players Defense
   Defense                  Defense                  Time % Phy DF OF 
 1 Sean Sullivan            Barret Jackman           60     1   4  0  
 2 Zdeno Chara              Josef Boumedienne        40     1   4  0  

4 vs 4 Forward 
   Center                   Wing                     Time % Phy DF OF 
 1 Ville Leino              Joffrey Lupul            60     0   3  2  
 2 Matt Ellison             Kyle Beach               40     0   3  2  

4 vs 4 Defense
   Defense                  Defense                  Time % Phy DF OF 
 1 Zdeno Chara              Sean Sullivan            60     1   3  1  
 2 Matt Carle               Barret Jackman           40     1   3  1  

Last Minutes Offensive
   Center                   Left Wing                Right Wing               Defense                  Defense                  
   Ville Leino              Niklas Hagman            Joffrey Lupul            Zdeno Chara              Matt Carle               

Last Minutes Defensive
   Center                   Left Wing                Right Wing               Defense                  Defense                  
   Ryan Russell             Viktor Tikhonov          Niklas Hagman            Sean Sullivan            Barret Jackman           

Goaltenders
Starting : Brian Eklund             
Backup : Thomas McCollum          

Extra Forwards
Normal : Ryan Russell, David Perron, Joffrey Lupul - PP : Ryan Russell, David Perron - PK : Ville Leino
Extra Defensemen
Normal : Jay Harrison, Josef Boumedienne, Barret Jackman - PP : Josef Boumedienne - PK : Zdeno Chara, Jay Harrison
Penalty Shots
Niklas Hagman, Joffrey Lupul, David Perron, Ville Leino, Matt Ellison
Custom OT Lines Forwards
Ville Leino, Niklas Hagman, Joffrey Lupul, Matt Ellison, Ryan Russell, David Perron, Linus Omark, Viktor Tikhonov, Kyle Beach, Dennis Everberg
Custom OT Lines Defensemen
Zdeno Chara, Sean Sullivan, Matt Carle, Jay Harrison, Barret Jackman

Scratches
Ben Walter (Healthy), Dan Fritsche (Healthy), Josh Gorges (Strained Left Elbow Injury), Mike Weaver (Right Forearm Injury)

% Time on Ice - Stars

Lines # - Real PCT - Wanted PCT - Time Play
Normal Forward
1 - 37% - 35% - 19:54
2 - 31% - 30% - 16:46
3 - 24% - 25% - 12:52
4 - 8% - 10% - 4:31
Normal Defense
1 - 34% - 35% - 18:38
2 - 32% - 30% - 17:21
3 - 28% - 25% - 15:15
4 - 5% - 10% - 2:49
PP Forward
1 - 42% - 55% - 0:50
2 - 58% - 45% - 1:09
PP Defense
1 - 58% - 55% - 1:09
2 - 42% - 45% - 0:50
PK Forward
1 - 55% - 55% - 2:11
2 - 45% - 45% - 1:47
PK Defense
1 - 69% - 55% - 2:44
2 - 31% - 45% - 1:14
PK3 Forward
1 - 0% - 55%
2 - 0% - 45%
PK3 Defense
1 - 0% - 55%
2 - 0% - 45%
44 Forward
1 - 0% - 60%
2 - 0% - 40%
44 Defense
1 - 0% - 60%
2 - 0% - 40%
Last Minute Offensive  - 0:00
Last Minute Defensive  - 0:00
Total
Forward - 60:00
Defense - 60:00

% Time on Ice - Golden Knights

Lines # - Real PCT - Wanted PCT - Time Play
Normal Forward
1 - 33% - 35% - 17:49
2 - 32% - 35% - 17:21
3 - 26% - 30% - 14:16
4 - 9% - 0% - 4:37
Normal Defense
1 - 29% - 32% - 15:34
2 - 34% - 32% - 18:10
3 - 25% - 20% - 13:36
4 - 12% - 16% - 6:43
PP Forward
1 - 46% - 60% - 1:49
2 - 54% - 40% - 2:09
PP Defense
1 - 48% - 60% - 1:55
2 - 52% - 40% - 2:03
PK Forward
1 - 77% - 60% - 1:32
2 - 23% - 40% - 0:27
PK Defense
1 - 65% - 60% - 1:17
2 - 35% - 40% - 0:42
PK3 Forward
1 - 0% - 60%
2 - 0% - 40%
PK3 Defense
1 - 0% - 60%
2 - 0% - 40%
44 Forward
1 - 0% - 60%
2 - 0% - 40%
44 Defense
1 - 0% - 60%
2 - 0% - 40%
Last Minute Offensive  - 0:00
Last Minute Defensive  - 0:00
Total
Forward - 60:00
Defense - 60:00

Play by Play

1st period


0:01 of 1st period - Jeff Carter wins face-off versus Ville Leino in neutral zone.
0:24 of 1st period - Shot by Ville Leino.
0:24 of 1st period - Stopped by Frederik Andersen without a rebound.
0:25 of 1st period - Sean Monahan wins face-off versus Matt Ellison in Stars zone.
0:25 of 1st period - Sean Monahan is hit by Viktor Tikhonov.
0:30 of 1st period - Dan Hamhuis is hit by Viktor Tikhonov and loses puck.
0:57 of 1st period - Shot by Matt Ellison.
0:57 of 1st period - Stopped by Frederik Andersen without a rebound.
0:58 of 1st period - Ryan Russell wins face-off versus Elias Lindholm in Stars zone.
0:58 of 1st period - Linus Omark is hit by Jason Garrison and loses puck.
1:12 of 1st period - David Perron is hit by Jeff Petry and loses puck.
1:25 of 1st period - Shot by Linus Omark.
1:25 of 1st period - Shot Misses the Net.
2:09 of 1st period - Sean Sullivan is hit by James Neal and loses puck.
2:14 of 1st period - Shot by Jeff Carter.
2:14 of 1st period - Goal by Jeff Carter - Stars : 1 - Golden Knights : 0.
2:15 of 1st period - Sean Monahan wins face-off versus Matt Ellison in neutral zone.
2:38 of 1st period - Shot by Matt Ellison.
2:38 of 1st period - Stopped by Frederik Andersen without a rebound.
2:39 of 1st period - Jeff Carter wins face-off versus Ville Leino in Stars zone.
2:57 of 1st period - Icing by Tyler Donati.
2:58 of 1st period - Jeff Carter wins face-off versus Matt Ellison in Stars zone.
3:08 of 1st period - Icing by Viktor Tikhonov.
3:09 of 1st period - Jim Slater wins face-off versus Kyle Beach in Golden Knights zone.
3:13 of 1st period - Elias Lindholm is hit by Barret Jackman and loses puck.
3:32 of 1st period - Shot by Matt Carle.
3:32 of 1st period - Stopped by Frederik Andersen with a rebound.
3:37 of 1st period - Icing by John Klingberg.
3:38 of 1st period - Jim Slater wins face-off versus Ryan Russell in Stars zone.
3:49 of 1st period - Shot by John Klingberg.
3:49 of 1st period - Shot Misses the Net.
3:52 of 1st period - Minor Penalty to Jim Slater for High sticking.
3:53 of 1st period - Ville Leino wins face-off versus Alexander Wennberg in Stars zone.
4:00 of 1st period - Shot by Joffrey Lupul.
4:00 of 1st period - Deflect By Niklas Hagman.
4:00 of 1st period - Shot Blocked by Joni Pitkanen.
4:02 of 1st period - Shot by Niklas Hagman.
4:02 of 1st period - Shot Blocked by Joni Pitkanen.
4:04 of 1st period - Shot by Zdeno Chara.
4:04 of 1st period - Shot Misses the Net.
4:06 of 1st period - Shot by Zdeno Chara.
4:06 of 1st period - Shot Misses the Net.
4:08 of 1st period - Shot by Zdeno Chara.
4:08 of 1st period - Stopped by Frederik Andersen without a rebound.
4:09 of 1st period - Alexander Wennberg wins face-off versus Matt Ellison in Stars zone.
4:25 of 1st period - Shot by Jay Harrison.
4:25 of 1st period - Shot Blocked by Alexander Wennberg.
5:11 of 1st period - Jason Garrison is hit by Joffrey Lupul and loses puck.
5:24 of 1st period - Shot by Zdeno Chara.
5:24 of 1st period - Stopped by Frederik Andersen with a rebound.
5:26 of 1st period - Shot by Zdeno Chara.
5:26 of 1st period - Shot Misses the Net.
5:36 of 1st period - Shot by Zdeno Chara.
5:36 of 1st period - Shot Misses the Net.
5:42 of 1st period - Shot by Ville Leino.
5:42 of 1st period - Shot Blocked by Dan Hamhuis.
5:46 of 1st period - Shot by Matt Carle.
5:46 of 1st period - Stopped by Frederik Andersen without a rebound.
5:47 of 1st period - Matt Ellison wins face-off versus Alexander Wennberg in Stars zone.
5:57 of 1st period - Shot by Linus Omark.
5:57 of 1st period - Stopped by Frederik Andersen without a rebound.
5:57 of 1st period - Minor Penalty to Joni Pitkanen for Cross-checking.
5:58 of 1st period - Alexander Wennberg wins face-off versus Matt Ellison in Stars zone.
6:59 of 1st period - Shot by Alexander Wennberg.
6:59 of 1st period - Goal by Alexander Wennberg - Stars : 2 - Golden Knights : 0.
7:00 of 1st period - Jim Slater wins face-off versus Ville Leino in neutral zone.
7:17 of 1st period - Shot by Niklas Hagman.
7:17 of 1st period - Stopped by Frederik Andersen without a rebound.
7:18 of 1st period - Matt Ellison wins face-off versus Milan Michalek in Stars zone.
8:26 of 1st period - Off-side.
8:27 of 1st period - Sean Monahan wins face-off versus Ville Leino in neutral zone.
8:27 of 1st period - Loui Eriksson is hit by Joffrey Lupul and loses puck.
9:10 of 1st period - Shot by Ville Leino.
9:10 of 1st period - Shot Misses the Net.
9:42 of 1st period - Shot by Linus Omark.
9:42 of 1st period - Shot Misses the Net.
10:27 of 1st period - Kyle Beach is hit by Dan Hamhuis.
11:20 of 1st period - Jeff Carter is hit by Zdeno Chara and loses puck.
11:37 of 1st period - John McCarthy is hit by James Neal and loses puck.
11:44 of 1st period - Shot by Joni Pitkanen.
11:44 of 1st period - Stopped by Brian Eklund without a rebound.
11:45 of 1st period - Ville Leino wins face-off versus Alexander Wennberg in Golden Knights zone.
11:45 of 1st period - Ville Leino is hit by Alexander Wennberg.
12:43 of 1st period - Shot by Tyler Donati.
12:43 of 1st period - Stopped by Brian Eklund without a rebound.
12:44 of 1st period - Jim Slater wins face-off versus Matt Ellison in Golden Knights zone.
12:59 of 1st period - Jim Slater is hit by Viktor Tikhonov and loses puck.
13:04 of 1st period - Shot by Matt Ellison.
13:04 of 1st period - Stopped by Frederik Andersen without a rebound.
13:05 of 1st period - Ryan Russell wins face-off versus Jeff Carter in Stars zone.
13:24 of 1st period - Shot by David Perron.
13:24 of 1st period - Shot Misses the Net.
13:26 of 1st period - Shot by Ryan Russell.
13:26 of 1st period - Shot Misses the Net.
13:34 of 1st period - Shot by Ryan Russell.
13:34 of 1st period - Shot Blocked by Jason Garrison.
13:36 of 1st period - Shot by David Perron.
13:36 of 1st period - Shot Misses the Net.
13:38 of 1st period - Shot by David Perron.
13:38 of 1st period - Shot Misses the Net.
13:40 of 1st period - Shot by Ryan Russell.
13:40 of 1st period - Goal by Ryan Russell - Stars : 2 - Golden Knights : 1.
13:41 of 1st period - Matt Ellison wins face-off versus Alexander Wennberg in neutral zone.
13:43 of 1st period - Off-side.
13:44 of 1st period - Elias Lindholm wins face-off versus Matt Ellison in neutral zone.
14:15 of 1st period - Shot by Matt Ellison.
14:15 of 1st period - Stopped by Frederik Andersen without a rebound.
14:16 of 1st period - Jeff Carter wins face-off versus Ville Leino in Stars zone.
14:25 of 1st period - Shot by Tyler Donati.
14:25 of 1st period - Shot Blocked by Zdeno Chara.
14:27 of 1st period - Shot by Dan Hamhuis.
14:27 of 1st period - Stopped by Brian Eklund without a rebound.
14:28 of 1st period - Sean Monahan wins face-off versus Ryan Russell in Golden Knights zone.
14:55 of 1st period - Shot by Ryan Russell.
14:55 of 1st period - Stopped by Frederik Andersen with a rebound.
15:05 of 1st period - Shot by Loui Eriksson.
15:05 of 1st period - Stopped by Brian Eklund without a rebound.
15:06 of 1st period - Jeff Carter wins face-off versus Ville Leino in Golden Knights zone.
15:15 of 1st period - Shot by Jeff Carter.
15:15 of 1st period - Stopped by Brian Eklund without a rebound.
15:16 of 1st period - Kyle Beach wins face-off versus Alexander Wennberg in Golden Knights zone.
15:32 of 1st period - Icing by Joni Pitkanen.
15:33 of 1st period - Ville Leino wins face-off versus Alexander Wennberg in Stars zone.
15:52 of 1st period - Shot by Ville Leino.
15:52 of 1st period - Shot Misses the Net.
15:54 of 1st period - Shot by Zdeno Chara.
15:54 of 1st period - Stopped by Frederik Andersen without a rebound.
15:55 of 1st period - Matt Ellison wins face-off versus Jeff Carter in Stars zone.
16:00 of 1st period - Shot by Viktor Tikhonov.
16:00 of 1st period - Stopped by Frederik Andersen without a rebound.
16:01 of 1st period - Jeff Carter wins face-off versus Matt Ellison in Stars zone.
16:01 of 1st period - Jeff Carter is hit by Viktor Tikhonov.
16:09 of 1st period - Shot by Tyler Donati.
16:09 of 1st period - Shot Blocked by Zdeno Chara.
16:11 of 1st period - Shot by Jeff Petry.
16:11 of 1st period - Stopped by Brian Eklund without a rebound.
16:12 of 1st period - Alexander Wennberg wins face-off versus Ville Leino in Golden Knights zone.
16:13 of 1st period - Shot by Joni Pitkanen.
16:13 of 1st period - Stopped by Brian Eklund without a rebound.
16:14 of 1st period - Ville Leino wins face-off versus Jeff Carter in Golden Knights zone.
16:35 of 1st period - Shot by Jeff Carter.
16:35 of 1st period - Shot Misses the Net.
16:41 of 1st period - Shot by Joni Pitkanen.
16:41 of 1st period - Shot Blocked by Zdeno Chara.
16:43 of 1st period - Shot by Jason Garrison.
16:43 of 1st period - Stopped by Brian Eklund without a rebound.
16:44 of 1st period - Alexander Wennberg wins face-off versus Matt Ellison in Golden Knights zone.
17:20 of 1st period - Shot by Viktor Tikhonov.
17:20 of 1st period - Shot Blocked by David Desharnais.
18:10 of 1st period - Shot by Niklas Hagman.
18:10 of 1st period - Stopped by Frederik Andersen without a rebound.
18:11 of 1st period - Jeff Carter wins face-off versus Ryan Russell in Stars zone.
18:42 of 1st period - Shot by James Neal.
18:42 of 1st period - Stopped by Brian Eklund without a rebound.
18:43 of 1st period - Matt Ellison wins face-off versus Sean Monahan in Golden Knights zone.
18:53 of 1st period - Loui Eriksson is hit by Zdeno Chara and loses puck.
19:07 of 1st period - Loui Eriksson is hit by Zdeno Chara and loses puck.
19:14 of 1st period - Shot by Loui Eriksson.
19:14 of 1st period - Shot Misses the Net.
19:16 of 1st period - Shot by Sean Monahan.
19:16 of 1st period - Shot Misses the Net.
19:47 of 1st period - Icing by Joni Pitkanen.
19:48 of 1st period - Jeff Carter wins face-off versus Ville Leino in Stars zone.
Goals for this period are 2 for Stars vs 1 for Golden Knights.
Shots for this period are 11 for Stars vs 16 for Golden Knights.

2nd period


0:01 of 2nd period - Jeff Carter wins face-off versus Ville Leino in neutral zone.
0:04 of 2nd period - Zdeno Chara is hit by James Neal and loses puck.
0:18 of 2nd period - Off-side.
0:19 of 2nd period - Sean Monahan wins face-off versus Ryan Russell in neutral zone.
0:44 of 2nd period - Shot by Milan Michalek.
0:44 of 2nd period - Shot Misses the Net.
0:52 of 2nd period - Shot by Linus Omark.
0:52 of 2nd period - Shot Blocked by Jason Garrison.
1:22 of 2nd period - Tyler Donati is hit by Joffrey Lupul and loses puck.
1:43 of 2nd period - Shot by James Neal.
1:43 of 2nd period - Stopped by Brian Eklund without a rebound.
1:44 of 2nd period - Jim Slater wins face-off versus Kyle Beach in Golden Knights zone.
1:47 of 2nd period - Shot by Elias Lindholm.
1:47 of 2nd period - Deflect By Michael Ryan.
1:47 of 2nd period - Shot Misses the Net.
2:02 of 2nd period - Viktor Tikhonov is hit by Dan Hamhuis and loses puck.
2:06 of 2nd period - Viktor Tikhonov is hit by Dan Hamhuis.
2:33 of 2nd period - Icing by Viktor Tikhonov.
2:34 of 2nd period - Jeff Carter wins face-off versus Matt Ellison in Golden Knights zone.
2:39 of 2nd period - Shot by James Neal.
2:39 of 2nd period - Shot Blocked by Viktor Tikhonov.
2:41 of 2nd period - Shot by Joni Pitkanen.
2:41 of 2nd period - Deflect By Tyler Donati.
2:41 of 2nd period - Shot Blocked by Jay Harrison.
2:43 of 2nd period - Shot by Joni Pitkanen.
2:43 of 2nd period - Stopped by Brian Eklund without a rebound.
2:44 of 2nd period - Sean Monahan wins face-off versus Ville Leino in Golden Knights zone.
3:11 of 2nd period - Shot by Joffrey Lupul.
3:11 of 2nd period - Stopped by Frederik Andersen with a rebound.
3:13 of 2nd period - Shot by Ville Leino.
3:13 of 2nd period - Stopped by Frederik Andersen without a rebound.
3:14 of 2nd period - Ryan Russell wins face-off versus Tyler Donati in Stars zone.
3:56 of 2nd period - Shot by Jeff Carter.
3:56 of 2nd period - Stopped by Brian Eklund with a rebound.
4:31 of 2nd period - Joffrey Lupul is hit by Joni Pitkanen and loses puck.
4:36 of 2nd period - Shot by Niklas Hagman.
4:36 of 2nd period - Shot Misses the Net.
5:11 of 2nd period - Off-side.
5:12 of 2nd period - Sean Monahan wins face-off versus Matt Ellison in neutral zone.
5:22 of 2nd period - Shot by Loui Eriksson.
5:22 of 2nd period - Goal by Loui Eriksson - Stars : 3 - Golden Knights : 1.
5:23 of 2nd period - Jeff Carter wins face-off versus Dennis Everberg in neutral zone.
5:42 of 2nd period - Shot by Jeff Carter.
5:42 of 2nd period - Shot Misses the Net.
6:06 of 2nd period - Jay Harrison is hit by James Neal.
6:35 of 2nd period - Off-side.
6:36 of 2nd period - Ryan Russell wins face-off versus Alexander Wennberg in neutral zone.
7:13 of 2nd period - Shot by David Desharnais.
7:13 of 2nd period - Deflect By Elias Lindholm.
7:13 of 2nd period - Stopped by Brian Eklund without a rebound.
7:14 of 2nd period - Jeff Carter wins face-off versus Matt Ellison in Golden Knights zone.
7:14 of 2nd period - James Neal is hit by Zdeno Chara and loses puck.
7:31 of 2nd period - Shot by Zdeno Chara.
7:31 of 2nd period - Shot Blocked by Dan Hamhuis.
7:33 of 2nd period - Shot by Kyle Beach.
7:33 of 2nd period - Stopped by Frederik Andersen without a rebound.
7:34 of 2nd period - Ville Leino wins face-off versus Sean Monahan in Stars zone.
7:57 of 2nd period - Jason Garrison is hit by Joffrey Lupul and loses puck.
8:38 of 2nd period - Shot by Tyler Donati.
8:38 of 2nd period - Shot Misses the Net.
8:47 of 2nd period - Icing by Niklas Hagman.
8:48 of 2nd period - Ville Leino wins face-off versus Alexander Wennberg in Golden Knights zone.
9:43 of 2nd period - Shot by Zdeno Chara.
9:43 of 2nd period - Shot Misses the Net.
10:09 of 2nd period - Shot by Jeff Carter.
10:09 of 2nd period - Shot Blocked by Josef Boumedienne.
10:11 of 2nd period - Shot by James Neal.
10:11 of 2nd period - Shot Blocked by Jay Harrison.
10:13 of 2nd period - Shot by Jeff Carter.
10:13 of 2nd period - Stopped by Brian Eklund without a rebound.
10:14 of 2nd period - Dennis Everberg wins face-off versus Sean Monahan in Golden Knights zone.
10:21 of 2nd period - Shot by Dennis Everberg.
10:21 of 2nd period - Shot Misses the Net.
10:26 of 2nd period - Icing by Kevin Shattenkirk.
10:27 of 2nd period - Ryan Russell wins face-off versus Sean Monahan in Stars zone.
10:30 of 2nd period - Shot by David Perron.
10:30 of 2nd period - Stopped by Frederik Andersen without a rebound.
10:31 of 2nd period - Jeff Carter wins face-off versus Ryan Russell in Stars zone.
10:35 of 2nd period - Off-side.
10:36 of 2nd period - Jeff Carter wins face-off versus Matt Ellison in neutral zone.
10:45 of 2nd period - Icing by James Neal.
10:46 of 2nd period - Jeff Carter wins face-off versus Ryan Russell in Stars zone.
10:55 of 2nd period - Shot by James Neal.
10:55 of 2nd period - Stopped by Brian Eklund without a rebound.
10:56 of 2nd period - Matt Ellison wins face-off versus Jim Slater in Golden Knights zone.
11:52 of 2nd period - Icing by Joni Pitkanen.
11:53 of 2nd period - Jim Slater wins face-off versus Niklas Hagman in Stars zone.
12:34 of 2nd period - Shot by Jeff Carter.
12:34 of 2nd period - Shot Misses the Net.
12:36 of 2nd period - Shot by Jeff Carter.
12:36 of 2nd period - Stopped by Brian Eklund without a rebound.
12:37 of 2nd period - Sean Monahan wins face-off versus Ryan Russell in Golden Knights zone.
12:42 of 2nd period - Shot by Sean Monahan.
12:42 of 2nd period - Deflect By Milan Michalek.
12:42 of 2nd period - Stopped by Brian Eklund without a rebound.
12:43 of 2nd period - Sean Monahan wins face-off versus Ryan Russell in Golden Knights zone.
12:43 of 2nd period - Sean Monahan is hit by Zdeno Chara.
13:05 of 2nd period - Shot by Ryan Russell.
13:05 of 2nd period - Shot Blocked by Kevin Shattenkirk.
13:28 of 2nd period - Shot by Linus Omark.
13:28 of 2nd period - Deflect By Ryan Russell.
13:28 of 2nd period - Shot Blocked by Kevin Shattenkirk.
13:58 of 2nd period - Icing by James Neal.
13:59 of 2nd period - Ville Leino wins face-off versus Jeff Carter in Stars zone.
14:22 of 2nd period - Shot by James Neal.
14:22 of 2nd period - Shot Blocked by Barret Jackman.
14:44 of 2nd period - Barret Jackman is hit by Tyler Donati and loses puck.
15:06 of 2nd period - Icing by Sean Sullivan.
15:07 of 2nd period - Matt Ellison wins face-off versus Sean Monahan in Golden Knights zone.
15:31 of 2nd period - Milan Michalek is hit by Viktor Tikhonov and loses puck.
15:46 of 2nd period - Matt Ellison is hit by Milan Michalek and loses puck.
15:53 of 2nd period - Milan Michalek is hit by Viktor Tikhonov and loses puck.
17:05 of 2nd period - Jason Garrison is hit by Jay Harrison and loses puck.
17:18 of 2nd period - Shot by Jeff Carter.
17:18 of 2nd period - Stopped by Brian Eklund with a rebound.
17:20 of 2nd period - Shot by Tyler Donati.
17:20 of 2nd period - Shot Blocked by Ryan Russell.
17:34 of 2nd period - Shot by Tyler Donati.
17:34 of 2nd period - Stopped by Brian Eklund with a rebound.
17:36 of 2nd period - Shot by James Neal.
17:36 of 2nd period - Shot Misses the Net.
17:38 of 2nd period - Shot by Jason Garrison.
17:38 of 2nd period - Stopped by Brian Eklund without a rebound.
17:39 of 2nd period - Ville Leino wins face-off versus Jim Slater in Golden Knights zone.
18:21 of 2nd period - Shot by Joffrey Lupul.
18:21 of 2nd period - Stopped by Frederik Andersen without a rebound.
18:22 of 2nd period - Matt Ellison wins face-off versus Jeff Carter in Stars zone.
18:42 of 2nd period - Viktor Tikhonov is hit by Joni Pitkanen and loses puck.
18:58 of 2nd period - Shot by Kyle Beach.
18:58 of 2nd period - Stopped by Frederik Andersen without a rebound.
18:59 of 2nd period - Dennis Everberg wins face-off versus Sean Monahan in Stars zone.
19:07 of 2nd period - Icing by Jeff Petry.
19:08 of 2nd period - Ville Leino wins face-off versus Sean Monahan in Stars zone.
19:17 of 2nd period - Shot by Joffrey Lupul.
19:17 of 2nd period - Shot Misses the Net.
19:23 of 2nd period - Shot by Zdeno Chara.
19:23 of 2nd period - Stopped by Frederik Andersen without a rebound.
19:24 of 2nd period - Matt Ellison wins face-off versus Jeff Carter in Stars zone.
Goals for this period are 1 for Stars vs 0 for Golden Knights.
Shots for this period are 12 for Stars vs 7 for Golden Knights.

3rd period


0:01 of 3rd period - Joffrey Lupul wins face-off versus Alexander Wennberg in neutral zone.
0:27 of 3rd period - Off-side.
0:28 of 3rd period - Sean Monahan wins face-off versus Ryan Russell in neutral zone.
0:37 of 3rd period - Shot by Sean Monahan.
0:37 of 3rd period - Stopped by Brian Eklund with a rebound.
0:40 of 3rd period - Icing by Ryan Russell.
0:41 of 3rd period - James Neal wins face-off versus Ryan Russell in Golden Knights zone.
0:42 of 3rd period - Shot by Jeff Carter.
0:42 of 3rd period - Goal by Jeff Carter - Stars : 4 - Golden Knights : 1.
0:43 of 3rd period - Alexander Wennberg wins face-off versus Matt Ellison in neutral zone.
0:57 of 3rd period - Matt Ellison is hit by Elias Lindholm and loses puck.
1:07 of 3rd period - Shot by Matt Ellison.
1:07 of 3rd period - Stopped by Frederik Andersen with a rebound.
1:09 of 3rd period - Shot by Zdeno Chara.
1:09 of 3rd period - Deflect By Matt Ellison.
1:09 of 3rd period - Stopped by Frederik Andersen without a rebound.
1:10 of 3rd period - Ville Leino wins face-off versus Jeff Carter in Stars zone.
1:36 of 3rd period - Tyler Donati is hit by Barret Jackman and loses puck.
2:27 of 3rd period - Zdeno Chara is hit by Joni Pitkanen and loses puck.
2:36 of 3rd period - Shot by Sean Monahan.
2:36 of 3rd period - Shot Blocked by Linus Omark.
2:38 of 3rd period - Shot by Joni Pitkanen.
2:38 of 3rd period - Shot Blocked by David Perron.
2:40 of 3rd period - Shot by Jason Garrison.
2:40 of 3rd period - Shot Misses the Net.
2:42 of 3rd period - Shot by Loui Eriksson.
2:42 of 3rd period - Stopped by Brian Eklund without a rebound.
2:43 of 3rd period - Matt Ellison wins face-off versus Alexander Wennberg in Golden Knights zone.
2:43 of 3rd period - Matt Ellison is hit by Alexander Wennberg.
3:41 of 3rd period - Shot by Sean Monahan.
3:41 of 3rd period - Stopped by Brian Eklund without a rebound.
3:42 of 3rd period - Sean Monahan wins face-off versus Ville Leino in Golden Knights zone.
3:56 of 3rd period - Minor Penalty to Zdeno Chara for Holding.
3:57 of 3rd period - Jeff Carter wins face-off versus Ryan Russell in Golden Knights zone.
3:57 of 3rd period - John Klingberg is hit by Sean Sullivan.
5:12 of 3rd period - Shot by Sean Monahan.
5:12 of 3rd period - Stopped by Brian Eklund with a rebound.
5:14 of 3rd period - Shot by Loui Eriksson.
5:14 of 3rd period - Stopped by Brian Eklund without a rebound.
5:15 of 3rd period - Sean Monahan wins face-off versus Viktor Tikhonov in Golden Knights zone.
5:16 of 3rd period - Shot by Joni Pitkanen.
5:16 of 3rd period - Shot Blocked by Sean Sullivan.
5:18 of 3rd period - Shot by Kevin Shattenkirk.
5:18 of 3rd period - Stopped by Brian Eklund without a rebound.
5:19 of 3rd period - Viktor Tikhonov wins face-off versus Sean Monahan in Golden Knights zone.
5:32 of 3rd period - Niklas Hagman is hit by Joni Pitkanen and loses puck.
5:44 of 3rd period - Icing by Sean Monahan.
5:45 of 3rd period - Sean Monahan wins face-off versus Ryan Russell in Stars zone.
6:07 of 3rd period - Shot by Niklas Hagman.
6:07 of 3rd period - Shot Misses the Net.
6:17 of 3rd period - Shot by Niklas Hagman.
6:17 of 3rd period - Shot Misses the Net.
7:06 of 3rd period - Shot by Viktor Tikhonov.
7:06 of 3rd period - Deflect By Kyle Beach.
7:06 of 3rd period - Stopped by Frederik Andersen without a rebound.
7:07 of 3rd period - Sean Monahan wins face-off versus Dennis Everberg in Stars zone.
7:07 of 3rd period - Sean Monahan is hit by Dennis Everberg.
7:17 of 3rd period - Zdeno Chara is hit by Joni Pitkanen and loses puck.
7:50 of 3rd period - Shot by Sean Monahan.
7:50 of 3rd period - Shot Blocked by Zdeno Chara.
8:28 of 3rd period - Zdeno Chara is hit by Jason Garrison and loses puck.
8:59 of 3rd period - David Perron is hit by James Neal and loses puck.
9:08 of 3rd period - Shot by James Neal.
9:08 of 3rd period - Stopped by Brian Eklund with a rebound.
9:10 of 3rd period - Shot by James Neal.
9:10 of 3rd period - Shot Hit the Post.
10:49 of 3rd period - Shot by Niklas Hagman.
10:49 of 3rd period - Stopped by Frederik Andersen with a rebound.
10:51 of 3rd period - Shot by Ville Leino.
10:51 of 3rd period - Shot Misses the Net.
11:08 of 3rd period - Icing by Jason Garrison.
11:09 of 3rd period - Jim Slater wins face-off versus Ryan Russell in Stars zone.
11:25 of 3rd period - Icing by Jay Harrison.
11:26 of 3rd period - Ryan Russell wins face-off versus Jeff Carter in Golden Knights zone.
12:02 of 3rd period - Icing by James Neal.
12:03 of 3rd period - Ville Leino wins face-off versus Jeff Carter in Stars zone.
12:35 of 3rd period - Shot by Loui Eriksson.
12:35 of 3rd period - Stopped by Brian Eklund without a rebound.
12:36 of 3rd period - Matt Ellison wins face-off versus Alexander Wennberg in Golden Knights zone.
12:50 of 3rd period - Kevin Shattenkirk is hit by Viktor Tikhonov and loses puck.
13:05 of 3rd period - Zdeno Chara is hit by Joni Pitkanen.
13:09 of 3rd period - Shot by Matt Ellison.
13:09 of 3rd period - Stopped by Frederik Andersen without a rebound.
13:10 of 3rd period - Sean Monahan wins face-off versus Niklas Hagman in Stars zone.
13:21 of 3rd period - Shot by Loui Eriksson.
13:21 of 3rd period - Shot Misses the Net.
13:23 of 3rd period - Shot by Jason Garrison.
13:23 of 3rd period - Stopped by Brian Eklund without a rebound.
13:24 of 3rd period - Ryan Russell wins face-off versus Jeff Carter in Golden Knights zone.
13:55 of 3rd period - Icing by Jay Harrison.
13:56 of 3rd period - Ryan Russell wins face-off versus Sean Monahan in Golden Knights zone.
14:15 of 3rd period - Shot by Ryan Russell.
14:15 of 3rd period - Stopped by Frederik Andersen without a rebound.
14:16 of 3rd period - Ville Leino wins face-off versus Alexander Wennberg in Stars zone.
14:26 of 3rd period - Alexander Wennberg is hit by Zdeno Chara and loses puck.
14:31 of 3rd period - Shot by Elias Lindholm.
14:31 of 3rd period - Shot Misses the Net.
14:33 of 3rd period - Shot by David Desharnais.
14:33 of 3rd period - Stopped by Brian Eklund without a rebound.
14:34 of 3rd period - Matt Ellison wins face-off versus Sean Monahan in Golden Knights zone.
15:11 of 3rd period - Shot by Loui Eriksson.
15:11 of 3rd period - Shot Blocked by Barret Jackman.
15:13 of 3rd period - Shot by Joni Pitkanen.
15:13 of 3rd period - Stopped by Brian Eklund without a rebound.
15:14 of 3rd period - Alexander Wennberg wins face-off versus Ville Leino in Golden Knights zone.
15:57 of 3rd period - Elias Lindholm is hit by Joffrey Lupul and loses puck.
16:21 of 3rd period - Tyler Donati is hit by Barret Jackman and loses puck.
16:40 of 3rd period - Shot by Tyler Donati.
16:40 of 3rd period - Shot Misses the Net.
16:50 of 3rd period - Shot by Tyler Donati.
16:50 of 3rd period - Stopped by Brian Eklund with a rebound.
16:52 of 3rd period - Shot by James Neal.
16:52 of 3rd period - Stopped by Brian Eklund without a rebound.
16:53 of 3rd period - Matt Ellison wins face-off versus Sean Monahan in Golden Knights zone.
17:20 of 3rd period - Shot by Kyle Beach.
17:20 of 3rd period - Deflect By Viktor Tikhonov.
17:20 of 3rd period - Shot Blocked by Sean Monahan.
18:41 of 3rd period - Icing by Joffrey Lupul.
18:42 of 3rd period - Ville Leino wins face-off versus Jeff Carter in Golden Knights zone.
18:44 of 3rd period - Niklas Hagman is hit by James Neal and loses puck.
19:47 of 3rd period - Shot by Kyle Beach.
19:47 of 3rd period - Stopped by Frederik Andersen with a rebound.
Goals for this period are 1 for Stars vs 0 for Golden Knights.
Shots for this period are 14 for Stars vs 7 for Golden Knights.